 Dungeon Crawl Stone Soup version 0.29.1-1-gd02db6906a (webtiles) character file.

Game seed: 1033205415191777850

1544 unlimited1921 the Magician (level 9, -12/85 HPs)
             Began as a Djinni Fire Elementalist on Sept 30, 2022.
             Was a Follower of Fedhas.
             Mangled by a shadow (18 damage)
             ... on level 5 of the Dungeon.
             The game lasted 00:24:26 (10876 turns).

unlimited1921 the Magician (DjFE)                  Turns: 10876, Time: 00:24:27

Health: -12/85     AC: 24    Str:  7    XL:     9   Next: 11%
Gold:   258        EV:  2    Int: 22    God:    Fedhas [*.....] SH:  0 Dex: 13

rFire   . . .      SeeInvis .   t - +0 trident
rCold   . . .      Faith    .   (no shield)
rNeg    . . .      Spirit   .   (body armour currently unavailable)
rPois   ∞          Reflect  .   (helmet currently unavailable)
rElec   .          Harm     .   (cloak currently unavailable)
rCorr   .          Rampage  .   (gloves currently unavailable)
Will    .....      NoTele   +   (boots unavailable)
Stlth   ++........              l - amulet of the acrobat
HPRegen 0.24/turn               (no ring)
MPRegen 0.00/turn               (no ring)

@: tree-form, very slightly contaminated
A: stationary, stasis, torment immunity, boosted hp, sickness immunity, (fire
resistance 2), (cold vulnerability 1), float, innate caster, HP casting, extra
vitality 1
a: Renounce Religion


You were on level 5 of the Dungeon.
You worshipped Fedhas.
Fedhas was aware of your devotion.
You were a tree.
You visited 2 branches of the dungeon, and saw 7 of its levels.

You collected 258 gold pieces.

Inventory:

Hand Weapons
 t - a +0 trident (weapon)
 v - a +0 vampiric dagger
 D - a +1 falchion of electrocution
Missiles
 d - 16 poisoned darts
 f - 53 stones
 n - 11 boomerangs (quivered)
 F - a throwing net
Armour
 a - a +0 robe
 b - a +0 ring mail
 e - a +0 leather armour
 o - a +0 pair of gloves (melded)
 C - a +4 ring mail (melded)
Jewellery
 l - an amulet of the acrobat (around neck)
 G - a ring of see invisible
Wands
 y - a wand of digging (4)
Scrolls
 c - a scroll of blinking
 p - 2 scrolls of teleportation
 w - a scroll of fog
 x - 3 scrolls of enchant weapon
 B - a scroll of brand weapon
Potions
 g - a potion of haste
 h - 8 potions of curing {unknown}
 i - 3 potions of mutation {unknown}
 j - a potion of might {unknown}
 k - 2 potions of degeneration {unknown}
 m - a potion of resistance
 q - a potion of flight {unknown}
 r - 4 potions of heal wounds {unknown}
 s - a potion of magic {unknown}
 z - 2 potions of invisibility {unknown}
 A - a potion of cancellation {unknown}


   Skills:
 + Level 1.3 Fighting
 + Level 0.5 Polearms
 + Level 4.2 Armour
 + Level 3.0 Dodging
 + Level 3.3 Stealth
 + Level 7.2 Spellcasting


You had one spell level left.
You knew the following spells:

 Your Spells              Type           Power      Damage    Failure   Level
a - Foxfire               Conj/Fire      100%       2x1d9     1%          1
b - Scorch                Fire           78%        2d8       1%          2
c - Conjure Flame         Conj/Fire      39%        6-21      1%          3
d - Inner Flame           Hex/Fire       39%        N/A       1%          3
e - Flame Wave            Conj/Fire      39%        2d11      4%          4
f - Sting                 Tmut/Pois      100%       1d8       1%          1
g - Call Imp              Summ           39%        N/A       1%          2
h - Blink                 Tloc           78%        N/A       1%          2
i - Spider Form           Tmut/Pois      39%        N/A       1%          3
Your spell library was empty.

Dungeon Overview and Level Annotations

Branches:
Dungeon (6/15)             Temple (1/1) D:4

Altars:
Ashenzari
Cheibriados
Dithmenos
Elyvilon
Fedhas
Gozag
Hepliaklqana
Okawaru
Qazlal
Uskayaw
Wu Jian
Xom
Yredelemnul
Zin
The Shining One

Annotations:
D:5 1 runed translucent door, Crazy Yiuf


Innate Abilities, Weirdness & Mutations

You are a tree.
Your roots penetrate the ground, keeping you stationary.
You cannot be teleported.
You are immune to unholy pain and torment.
Your maximum health is greatly increased.
Your equipment is partially melded.
You are immune to sickness and miasma.
You are immune to poison.
((Your flesh is very heat resistant. (rF++)))
((You are vulnerable to cold. (rC-)))
You float through the air rather than walking.
You learn spells naturally, not from books.
Your magical power is your life essence.
You have superior vitality. (+4 MHP)


Message History

The shadow hits you.
Casting: Blink (safe; 1% risk of failure)
Confirm with . or Enter, or press ? or * to list all spells.
Okay, then.
Unknown command.
Throw: 11 boomerangs
Press: ? - help, Q - select action, (/) - cycle Shift-Dir - straight line, f - shadow
Aim: a shadow (lightly damaged, 56% to hit)
You throw a boomerang. The boomerang hits the shadow.
The shadow is moderately damaged.
The shadow hits you.
Throw: 11 boomerangs
Press: ? - help, Q - select action, (/) - cycle Shift-Dir - straight line, f/p - shadow
Aim: a shadow (lightly damaged, 56% to hit)
You throw a boomerang.
The boomerang closely misses the shadow.
The shadow hits you.
Throw: 11 boomerangs
Press: ? - help, Q - select action, (/) - cycle Shift-Dir - straight line, f/p - shadow
Aim: a shadow (lightly damaged, 56% to hit)
You throw a boomerang. The boomerang hits the shadow.
The shadow is moderately damaged.
The shadow hits you.
Throw: 11 boomerangs
Press: ? - help, Q - select action, (/) - cycle Shift-Dir - straight line, f/p - shadow
Aim: a shadow (moderately damaged, 56% to hit)
You throw a boomerang.
The boomerang hits the shadow but does no damage.
The shadow is moderately damaged.
The shadow hits you. x2
As you read the scroll of identify, it crumbles to dust.
x - 3 scrolls of enchant weapon The shadow slips into darkness.
The shadow flickers and vanishes!
Deactivating autopickup; reactivate with Ctrl-A.
As you read the scroll of identify, it crumbles to dust.
p - 2 scrolls of teleportation The shadow strikes at you from the darkness!
You die...
Fedhas appreciates your contribution to the ecosystem.

#.#########.#########.#
...................##.#
.........##.######.##.#
.>...###.##.######.##.#
..##.............#.##.#
.#######.##.####.#.##.#
.## #.##.# #.#.##.# (.#
#.##.####{..##.# .##
#.##.....♣.....# .#
#.#######..#####
.#######.# #..#
.........#######..#
.########.........# .#
#.#######.# .# ###.#
#.# .# ##...## #.#
.#####.....## #.#


There were no monsters in sight!

Vanquished Creatures
  Maggie (D:6)
  Pargi (D:3)
  2 black bears (D:5)
  An ogre (D:4)
  A phantom (D:4)
  A kobold brigand (D:5)
  A necrophage (D:5)
  A gnoll sergeant (D:5)
  2 scorpions (D:5)
  2 orc priests (D:5)
  A hound (D:4)
  3 iguanas
  3 orc wizards
  8 adders
  3 gnolls (D:5)
  A white imp (D:5)
  A worm (D:3)
  5 dart slugs
  17 orcs
  8 ball pythons
  4 endoplasms
  2 giant cockroaches
  7 goblins
  7 hobgoblins
  4 jackals
  6 quokkas
  A bat (D:1)
  2 frilled lizards
  4 kobolds
  6 rats
106 creatures vanquished.

Vanquished Creatures (collateral kills)
  Menkaure (D:5)
  An orc (D:3)
  A bat (D:3)
3 creatures vanquished.

Vanquished Creatures (others)
  301 foxfires
301 creatures vanquished.

Grand Total: 410 creatures vanquished

Notes
Turn   | Place    | Note
-------+----------+-------------------------------------------
     0 | D:1      | unlimited1921 the Djinni Fire Elementalist began the quest
                  | for the Orb.
     0 | D:1      | unlimited1921 set off with the following spells memorised:
                  | Foxfire, Scorch, Conjure Flame, Inner Flame, Flame Wave.
     0 | D:1      | Reached XP level 1. HP: 15/15 MP: 0/0
   267 | D:1      | Reached XP level 2. HP: 11/21 MP: 0/0
  1347 | D:1      | Reached skill level 3 in Spellcasting
  1623 | D:1      | Reached XP level 3. HP: 20/25 MP: 0/0
  1623 | D:1      | Learned a level 1 spell: Sting
  3121 | D:2      | Reached XP level 4. HP: 27/31 MP: 0/0
  4271 | D:3      | Noticed Pargi
  4276 | D:3      | Killed Pargi
  4277 | D:3      | Reached skill level 1 in Armour
  4277 | D:3      | Reached XP level 5. HP: 24/35 MP: 0/0
  4277 | D:3      | Learned a level 2 spell: Call Imp
  4294 | D:2      | Reached skill level 4 in Spellcasting
  4529 | D:3      | Reached XP level 6. HP: 16/40 MP: 0/0
  4991 | D:3      | Found a faded altar of an unknown god.
  6406 | D:4      | Reached skill level 1 in Fighting
  7042 | D:4      | Noticed an ogre
  7047 | D:4      | Killed an ogre
  7071 | D:4      | Reached XP level 7. HP: 23/47 MP: 0/0
  7071 | D:4      | Learned a level 2 spell: Blink
  7515 | D:4      | Found a staircase to the Ecumenical Temple.
  7527 | Temple   | Entered the Ecumenical Temple
  7674 | Temple   | Became a worshipper of Fedhas Madash
  8024 | D:5      | Entered Level 5 of the Dungeon
  8141 | D:5      | Found a runed translucent door.
  8142 | D:5      | Noticed Crazy Yiuf
  8222 | D:5      | Reached skill level 5 in Spellcasting
  8862 | D:5      | Reached XP level 8. HP: 43/52 MP: 0/0
  8871 | D:5      | Noticed Menkaure
  9347 | D:5      | Reached skill level 6 in Spellcasting
  9540 | D:5      | Reached * piety under Fedhas
 10494 | D:5      | Killed Menkaure
 10850 | D:6      | Noticed Maggie
 10855 | D:6      | Noticed a shadow
 10859 | D:6      | Killed Maggie
 10860 | D:6      | Reached skill level 7 in Spellcasting
 10860 | D:6      | Reached XP level 9. HP: 21/57 MP: 0/0
 10860 | D:6      | Learned a level 3 spell: Spider Form
 10876 | D:5      | Mangled by a shadow

Illustrated notes

Levels and vault maps discovered:
D:1:      mrwooster_arrival_statue_2, layout_basic
D:2:      layout_rooms
D:3:      layout_loops_ring, hellmonk_ecumenical_altar_run_dry,
          minmay_quantized, uniq_pargi
D:4:      layout_basic, minmay_temple_entry_glassed_door, minmay_statues_item
D:5:      layout_loops_ring, small_statue_intersection, nrook_mini_backslash,
          nicolae_concentric_dashed_squares_wild, st_stairs_1, uniq_menkaure,
          uniq_crazy_yiuf_cottage
D:6:      layout_basic, uniq_maggie
Temple:   nicolae_temple_elliptical

Skill      XL: |  1  2  3  4  5  6  7  8 |
---------------+-------------------------+-----
Spellcasting   | 3 4 5 7 |  7.2
Armour         | 1 2 4 |  4.2
Stealth        | 2 3 |  3.3
Fighting       | 1 |  1.3
Dodging        | 3 |  3.0
Polearms       | |  0.5

Action                   |  1- 3 |  4- 6 |  7- 9 || total
-------------------------+-------+-------+-------++-------
Melee: Trident           |       |       |    18 ||    18
Throw: Boomerang         |       |       |     4 ||     4
 Cast: Foxfire           |    58 |    82 |    57 ||   197
       Scorch            |     2 |    18 |    29 ||    49
       Inner Flame       |     1 |    10 |    26 ||    37
       Sting             |     1 |       |       ||     1
       Call Imp          |       |     2 |     3 ||     5
       Blink             |       |       |     1 ||     1
  Use: Scroll            |       |       |     8 ||     8
       Potion            |       |       |     1 ||     1
Armor: Leather armour    |       |     2 |     1 ||     3
       Ring mail         |       |       |    19 ||    19
       Skin              |       |       |     7 ||     7
Dodge: Dodged            |     3 |    11 |    16 ||    30
